 Dungeon Sprint DCSS version 0.27-a0-686-gaed091b46b (webtiles) character file.

Game seed: 12338992487570142025

33862 mhtbhm the Executioner (level 13, -25/139 HPs)
             Began as a Minotaur Fighter on Mar 20, 2021.
             Was a High Priest of Trog.
             Killed from afar by an iron dragon (33 damage)
             ... with a spray of metal splinters
             ... in the Dungeon (Sprint VII: "The Pits").
             The game lasted 00:06:11 (3923 turns).

mhtbhm the Executioner (Minotaur Fighter)           Turns: 3923, Time: 00:06:12

Health: -25/139    AC: 20    Str: 25    XL:     13   Next: 39%
Magic:  0/4        EV: 15    Int: 11    God:    Trog [*****.]
Gold:   57         SH: 16    Dex: 11    Spells: 12/12 levels left

rFire    . . .     SeeInvis .   a - +9 broad axe "Ettumm" {antimagic, Int+3}
rCold    . . .     Faith    .   c - +0 kite shield
rNeg     . . .     Spirit   .   b - +4 chain mail
rPois    .         Reflect  .   (helmet restricted)
rElec    .         Harm     .   (no cloak)
rCorr    .         Rampage  +   (no gloves)
Will     .....     NoTele   +   A - +0 pair of boots {rampage}
Stlth    ..........             (no amulet)
HPRegen  0.33/turn              n - +3 ring of evasion
MPRegen  0.09/turn              o - +3 ring of intelligence

@: berserk cooldown, slowed, very slow
A: horns 2, retaliatory headbutt
a: Renounce Religion, Berserk, Trog's Hand, Brothers in Arms


You were in the Dungeon.
You worshipped Trog.
Trog was extremely pleased with you.
You visited 1 branch You collected 57 gold pieces.

Inventory:

Hand Weapons
 a - the +9 broad axe "Ettumm" (weapon) {antimagic, Int+3}
   (Trog gifted it to you in the Dungeon)

   It reduces the magical energy of the wielder, and disrupts the spells and
   magical abilities of those hit.
   Natural abilities and divine invocations are not affected.
   It affects your intelligence (+3).
Missiles
 m - 5 silver boomerangs
 s - 8 curare-tipped darts (quivered)
 E - 18 javelins
Armour
 b - a +4 chain mail (worn)
 c - a +0 kite shield (worn)
 A - a +0 pair of boots of rampaging (worn)
Jewellery
 n - a +3 ring of evasion (right hand)
 o - a +3 ring of intelligence (left hand)
 x - a ring of fire
 B - a ring of ice
Wands
 r - a wand of iceblast (8)
 z - a wand of acid (6)
Scrolls
 j - a scroll of blinking
 l - a scroll of summoning
 t - 3 scrolls of fear
 u - 6 scrolls of enchant armour
 v - a scroll of identify
 w - a scroll of fog
Potions
 d - 2 potions of might
 e - 6 potions of curing
 f - 14 potions of heal wounds
 g - 5 potions of haste
 h - 4 potions of magic
 i - 3 potions of berserk rage
 k - 2 potions of invisibility
 p - a potion of resistance
 q - 4 potions of mutation
Miscellaneous
 C - a box of beasts
 D - a phantom mirror


   Skills:
 + Level 19.7 Fighting
 + Level 22.6 Axes
 + Level 17.3 Armour
 + Level 8.6 Dodging
 - Level 5.3 Stealth
 + Level 19.1 Shields
 + Level 0.2 Evocations


You had 12 spell levels left.
You didn't know any spells.
Your spell library was empty.

Dungeon Overview and Level Annotations

Branches:
Dungeon (1/1)

Altars:
Ashenzari
Cheibriados
Dithmenos
Elyvilon
Fedhas
Gozag
Hepliaklqana
Kikubaaqudgha
Makhleb
Nemelex Xobeh
Okawaru
Qazlal
Ru
Sif Muna
Trog
Uskayaw
Vehumet
Wu Jian
Xom
Yredelemnul
Zin
The Shining One
Beogh
Jiyva
Lugonu

Annotations:
D Lom Lobon


Innate Abilities, Weirdness & Mutations

You have a pair of horns on your head.
You reflexively headbutt those who attack you in melee.


Message History

The ball lightning explodes!
The blast of lightning engulfs the iron dragon!
The blast of lightning engulfs you.
The blast of lightning engulfs the Brimstone Fiend!
The blast of lightning engulfs Lom Lobon.
Lom Lobon completely resists.
The ball lightning explodes!
The blast of lightning engulfs Lom Lobon.
Lom Lobon completely resists.
The blast of lightning engulfs the ball lightning.
The ball lightning completely resists.
The blast of lightning engulfs you!
Unknown command.
You miss Lom Lobon. Your headbutt misses Lom Lobon.
Lom Lobon is heavily wounded.
The Brimstone Fiend calls on the powers of darkness!
The iron dragon convulses!
Your body is wracked with pain!
* * * LOW HITPOINT WARNING * * *
Lom Lobon falters for a moment.
Unknown command.
You miss Lom Lobon. Your headbutt misses Lom Lobon.
Lom Lobon is heavily wounded.
The ball lightning explodes!
The blast of lightning engulfs Lom Lobon.
Lom Lobon completely resists.
The blast of lightning engulfs you.
* * * LOW HITPOINT WARNING * * *
Unknown command.
You completely miss Lom Lobon. Your headbutt misses Lom Lobon.
Lom Lobon is heavily wounded.
You hit the iron dragon.
You are no longer berserk.
You are exhausted.
You feel yourself slow down. Lom Lobon hits you!
* * * LOW HITPOINT WARNING * * *
You slash Lom Lobon!
Lom Lobon's magic leaks into the air.
Your headbutt misses Lom Lobon.
Lom Lobon is heavily wounded.
You hit the iron dragon.
Lom Lobon blinks!
The iron dragon breathes metal splinters at you.
The spray of metal splinters hits you!!
You die...

,**+,+**,+*+,***+*
+*,***,***,*+* *,*
,**+,***,***,**#+#
,,*,,,+,,,+,,,##.##
,,**,**+,**+,**&..*
,*****,***,**++...*
** *** ******#1#*
***************#D#
,,,,,*,,,,,,,,*#@#
,,,,,*,,,,,,,,*#ยง#
+*****++*++****#.#
,,,,,,,,,,,,,,*#'#
,,,,,,,,*,,,,,*#.#
,,*,,*,,,,,*,,*#)#
,,,,,,,,*,,,,,*#)#
,,,,,,,,,,,,,,*#'#
+*****++*++****#.#


You could see Lom Lobon (gusty), an iron dragon (catching breath) and a
Brimstone Fiend.

Vanquished Creatures
  A pandemonium lord (D)
  A royal mummy (D)
  A death cob (D)
  A balrug (D)
  A reaper (D)
  A deep elf demonologist (D)
  A red draconian (D)
  A naga warrior (D)
  2 hydras (D)
  A merfolk avatar (D)
  A vault guard (D)
  A catoblepas (D)
  Erica (D)
  A two-headed ogre (D)
  A death yak (D)
  A spriggan berserker (D)
  Sonja (D)
  A bog body (D)
  A flayed ghost (D)
  2 elephants (D)
  A wolf spider (D)
  A black mamba (D)
  A cane toad (D)
  A gargoyle (D)
  3 orange demons (D)
  A kobold demonologist (D)
  A rime drake (D)
  A freezing wraith (D)
  An efreet (D)
  An ice devil (D)
  A guardian mummy (D)
  A hellwing (D)
  A polar bear (D)
  A troll (D)
  A large abomination (D)
  A water elemental (D)
  A ynoxinul (D)
  2 redbacks (D)
  2 fire bats (D)
  A neqoxec (D)
  A chaos spawn (D)
  A small abomination (D)
  4 nagas (D)
  A warg (D)
  Purgy (D)
  2 orc warriors (D)
  2 necrophages (D)
  A wolf (D)
  A centaur (D)
  2 phantoms (D)
  2 kobold brigands (D)
  7 wights (D)
  2 crimson imps (D)
  2 jellies (D)
  A gnoll shaman (D)
  2 orc priests (D)
  A hound (D)
  4 orc wizards (D)
  A worker ant (D)
  A river rat (D)
  An ooze (D)
  An ufetubus (D)
  A leopard gecko (D)
  6 orcs (D)
  A bat skeleton (D)
  A bat zombie (D)
  2 jackals (D)
  A quokka (D)
  A ball python (D)
  2 frilled lizards (D)
  A goblin (D)
  3 kobolds (D)
  A leopard gecko skeleton (D)
  A rat (D)
  A ball lightning (D)
109 creatures vanquished.

Vanquished Creatures (collateral kills)
  A pandemonium lord (D)
  A fire giant (D)
  A minotaur (D)
  An ice dragon (D)
  A meliai (shapeshifter) (D)
  A large abomination (D)
  A bat simulacrum (D)
7 creatures vanquished.

Vanquished Creatures (others)
  8 ball lightnings (D)
8 creatures vanquished.

Grand Total: 124 creatures vanquished

Notes
Turn   | Place    | Note
-------+----------+-------------------------------------------
     0 | D        | mhtbhm the Minotaur Fighter began the quest for the Orb.
     0 | D        | Reached XP level 1. HP: 19/19 MP: 0/0
    19 | D        | Found a bloodstained altar of Trog.
    19 | D        | Found a shimmering blue altar of Sif Muna.
    19 | D        | Found a viscous altar of Jiyva.
    19 | D        | Found a hazy altar of Hepliaklqana.
    19 | D        | Found an opulent altar of Gozag.
    20 | D        | Found a glowing golden altar of the Shining One.
    20 | D        | Found a glowing silver altar of Zin.
    20 | D        | Found a basalt altar of Yredelemnul.
    20 | D        | Found a shimmering altar of Xom.
    20 | D        | Found an ornate altar of the Wu Jian Council.
    20 | D        | Found a sacrificial altar of Ru.
    20 | D        | Found a stormy altar of Qazlal.
    20 | D        | Found an iron altar of Okawaru.
    20 | D        | Found a sparkling altar of Nemelex Xobeh.
    20 | D        | Found a burning altar of Makhleb.
    20 | D        | Found a blossoming altar of Fedhas.
    20 | D        | Found a white marble altar of Elyvilon.
    20 | D        | Found a shadowy altar of Dithmenos.
    20 | D        | Found a snail-covered altar of Cheibriados.
    22 | D        | Found a radiant altar of Vehumet.
    22 | D        | Found a corrupted altar of Lugonu.
    24 | D        | Became a worshipper of Trog the Wrathful
    88 | D        | Reached * piety under Trog
    89 | D        | Reached XP level 2. HP: 27/28 MP: 1/1
    92 | D        | Reached skill level 3 in Axes
    97 | D        | Reached ** piety under Trog
    98 | D        | Reached skill level 5 in Armour
    98 | D        | Reached skill level 5 in Shields
   112 | D        | Reached skill level 5 in Fighting
   112 | D        | Reached XP level 3. HP: 32/37 MP: 2/2
   117 | D        | Reached skill level 4 in Axes
   117 | D        | Reached XP level 4. HP: 36/44 MP: 3/3
   117 | D        | Reached *** piety under Trog
   288 | D        | Noticed an orc warrior
   294 | D        | Noticed a fire bat
   295 | D        | Reached **** piety under Trog
   296 | D        | Reached skill level 5 in Axes
   298 | D        | Reached XP level 5. HP: 35/52 MP: 4/4
   298 | D        | Killed an orc warrior
   299 | D        | Reached skill level 7 in Axes
   300 | D        | Killed a fire bat
   300 | D        | Reached ***** piety under Trog
   301 | D        | Reached skill level 8 in Axes
   301 | D        | Reached skill level 1 in Stealth
   301 | D        | Reached XP level 6. HP: 42/63 MP: 5/5
   306 | D        | Reached skill level 9 in Axes
   308 | D        | Reached XP level 7. HP: 49/71 MP: 6/6
   493 | D        | Received a gift from Trog
   494 | D        | Reached skill level 10 in Armour
   514 | D        | Reached skill level 10 in Fighting
   514 | D        | Reached skill level 10 in Axes
   514 | D        | Reached skill level 10 in Shields
   516 | D        | Noticed a two-headed ogre
   523 | D        | Killed a two-headed ogre
   523 | D        | Reached ****** piety under Trog
   524 | D        | Reached skill level 12 in Axes
   524 | D        | Reached skill level 1 in Dodging
   524 | D        | Reached XP level 8. HP: 45/81 MP: 7/7
   772 | D        | Received a gift from Trog
   773 | D        | Reached skill level 13 in Axes
   878 | D        | Found a hide-covered altar of Uskayaw.
   878 | D        | Found an ancient bone altar of Kikubaaqudgha.
   878 | D        | Found a broken altar of Ashenzari.
   906 | D        | Noticed an efreet
   918 | D        | Killed an efreet
   919 | D        | Reached XP level 9. HP: 57/89 MP: 8/8
  1058 | D        | Noticed a guardian mummy
  1061 | D        | Killed a guardian mummy
  1062 | D        | Reached skill level 14 in Axes
  1073 | D        | Noticed an ice devil
  1076 | D        | Noticed an eight-headed hydra
  1084 | D        | Killed an ice devil
  1086 | D        | Killed a 13-headed hydra
  1087 | D        | Reached skill level 15 in Axes
  1137 | D        | Noticed an orange demon
  1150 | D        | Killed an orange demon
  1155 | D        | Received a gift from Trog
  1492 | D        | Noticed a flayed ghost
  1503 | D        | Reached XP level 10. HP: 80/100 MP: 3/9
  1505 | D        | Killed a flayed ghost
  1506 | D        | Reached skill level 16 in Axes
  1644 | D        | Noticed Purgy
  1652 | D        | Killed Purgy
  1663 | D        | Noticed a gargoyle
  1669 | D        | Killed a gargoyle
  1676 | D        | Noticed a death yak
  1685 | D        | Killed a death yak
  1688 | D        | Received a gift from Trog
  1689 | D        | Reached skill level 17 in Axes
  1699 | D        | Reached skill level 5 in Dodging
  1779 | D        | Noticed an elephant
  1786 | D        | Killed an elephant
  1890 | D        | Noticed Erica
  1890 | D        | Noticed Sonja
  1891 | D        | Noticed an elephant
  1896 | D        | Killed Erica
  1896 | D        | Received a gift from Trog
  1897 | D        | Killed Sonja
  1898 | D        | Reached skill level 18 in Axes
  1898 | D        | Reached XP level 11. HP: 110/110 MP: 3/10
  2015 | D        | Noticed a naga warrior
  2039 | D        | Killed a naga warrior
  2039 | D        | Received a gift from Trog
  2040 | D        | Reached skill level 15 in Fighting
  2040 | D        | Reached skill level 19 in Axes
  2058 | D        | Received a gift from Trog
  2059 | D        | Reached skill level 15 in Armour
  2059 | D        | Reached skill level 15 in Shields
  2362 | D        | Noticed a bog body
  2372 | D        | Killed a bog body
  2372 | D        | Received a gift from Trog
  2374 | D        | Noticed a merfolk avatar
  2380 | D        | Noticed a wolf spider
  2387 | D        | Received a gift from Trog
  2391 | D        | Killed a wolf spider
  2396 | D        | Killed a merfolk avatar
  2397 | D        | Reached skill level 20 in Axes
  2462 | D        | Received a gift from Trog
  2634 | D        | Noticed a catoblepas
  2634 | D        | Noticed a death cob
  2634 | D        | Noticed an ice dragon
  2634 | D        | Noticed an orb spider
  2634 | D        | Noticed a fire giant
  2634 | D        | Noticed a minotaur
  2649 | D        | Killed a death cob
  2650 | D        | Reached XP level 12. HP: 98/124 MP: 3/11
  2655 | D        | Killed a minotaur
  2659 | D        | Killed a fire giant
  2659 | D        | Received a gift from Trog
  2661 | D        | Killed an ice dragon
  2662 | D        | Killed a catoblepas
  2990 | D        | Noticed Kaewa the pandemonium lord
  3011 | D        | Killed Kaewa the pandemonium lord
  3012 | D        | Reached skill level 21 in Axes
  3012 | D        | Reached skill level 5 in Stealth
  3323 | D        | Noticed a royal mummy
  3326 | D        | Noticed a death scarab
  3326 | D        | Noticed a death scarab
  3344 | D        | Killed a royal mummy
  3345 | D        | Reached skill level 22 in Axes
  3345 | D        | Reached XP level 13. HP: 136/136 MP: 4/12
  3515 | D        | Noticed a balrug
  3520 | D        | Killed a balrug
  3520 | D        | Identified the +9 broad axe "Ettumm" {antimagic, Int+3}
                  | (Trog gifted it to you in the Dungeon)
  3520 | D        | Received a gift from Trog
  3677 | D        | Noticed Gaonoolo the pandemonium lord
  3688 | D        | Killed Gaonoolo the pandemonium lord
  3886 | D        | Noticed a reaper
  3895 | D        | Killed a reaper
  3897 | D        | Noticed an iron dragon
  3897 | D        | Noticed a red draconian
  3897 | D        | Noticed Lom Lobon
  3897 | D        | Noticed a deep elf demonologist
  3897 | D        | Noticed a Brimstone Fiend
  3904 | D        | Noticed a cacodemon
  3912 | D        | Killed a deep elf demonologist
  3912 | D        | Received a gift from Trog
  3917 | D        | Killed a red draconian
  3923 | D        | Killed from afar by an iron dragon

Illustrated notes

Levels and vault maps discovered:
D:        pitsprint [storerooms_1, entrance_room_1, metal_vault_6, armoury_1,
          mini_pit_1, grid_room_1, main_hall_1, silver_pit, the_coven_3,
          the_vestibule_1, steel_vault_5, golden_pit, hallway_of_sentries,
          crystal_vault_2, iron_vault_2, final_vault]

Skill      XL: |  1  2  3  4  5  6  7  8  9 10 11 12 13 |
---------------+----------------------------------------+-----
Fighting       | 4 5 6 7 9 10 11 12 14 16 18 19 | 19.7
Armour         | 4 5 6 7 9 11 12 13 14 15 16 17 | 17.3
Shields        | 4 5 6 7 9 11 13 14 16 18 19 | 19.1
Axes           | 3 4 5 8 9 12 13 15 18 20 22 | 22.6
Stealth        | 1 2 5 |  5.3
Dodging        | 1 2 4 5 6 8 |  8.6
Evocations     | |  0.2

Action                   |  1- 3 |  4- 6 |  7- 9 | 10-12 | 13-15 || total
-------------------------+-------+-------+-------+-------+-------++-------
Melee: Hand axe          |    24 |    18 |    14 |       |       ||    56
       Headbutt          |     4 |     3 |    20 |    46 |     6 ||    79
       War axe           |     2 |       |    74 |       |       ||    76
       Broad axe         |       |       |     8 |   174 |    41 ||   223
Invok: Berserk           |       |     1 |     2 |     6 |     3 ||    12
       Brothers in Arms  |       |       |       |     3 |     3 ||     6
Evoke: Wand              |       |       |       |       |     1 ||     1
  Use: Potion            |       |       |       |     1 |     3 ||     4
       Scroll            |       |       |       |     1 |       ||     1
 Stab: Petrified         |       |       |       |     4 |       ||     4
       Distracted        |       |       |       |     1 |       ||     1
Armor: Scale mail        |    21 |       |       |       |       ||    21
       Chain mail        |       |     9 |    23 |    47 |       ||    79
Dodge: Dodged            |    10 |     3 |    28 |    66 |     6 ||   113
Block: Kite shield       |    20 |     5 |    56 |   109 |    16 ||   206

Table legend: (Time is in decaauts)
 A = Elapsed time spent in this place.
 B = Non-inter-level travel time spent in this place.
 C = Inter-level travel time spent in this place.
 D = Time resting spent in this place.
 E = Time spent auto-exploring this place.
 F = Levels seen in this place.
 G = Mean time per level.
                   A        B        C        D        E       F      G
               +--------+--------+--------+--------+--------+-----+--------+
         Total |   3997 |   3997 |      0 |   2831 |     70 |   1 | 3997.0 |
       Dungeon |   3997 |   3997 |      0 |   2831 |     70 |   1 | 3997.0 |
               +--------+--------+--------+--------+--------+-----+--------+

Top non-repeatable levels by time:
       D: 3997 daAuts
